Map: Rorschach LE

Players

Kan - Winner!

  • Race: Zerg Zerg
  • League: Diamond

A.I. 1 (Medium)

  • Race: Protoss Protoss

VOD

Have the link to the VOD?

Description

Time

  • Played on: Sept. 13, 2026, 10:35 a.m.
  • Length: 9:47
Show
View Real Time Build Order
Export as new Build Order

Kan Zerg - Winner!

Build Orders: Hatch First 

Get SALT Encoding   

  8  0:00  Drone  
  9  0:10  Drone  
  10  0:20  Drone  
  11  0:27  Overlord  
  11  0:33  Drone  
  12  0:46  Drone  
  12  0:47  Drone  
  14  0:55  Drone  
  15  1:07  Drone  
  16  1:18  Hatchery  
  16  1:19  Drone  
  16  1:28  Drone  
  17  1:38  Drone  
  18  1:43  Spawning Pool  
  18  1:46  Extractor  
  16  1:49  Drone  
  16  1:52  Drone  
  18  2:01  Drone  
  19  2:10  Overlord  
  19  2:24  Drone  
  19  2:29  Queen  
  20  2:30  Queen  
  20  2:32  Drone x2  
  26  2:40  Zergling x2  
  27  2:52  Metabolic Boost  
  27  2:54  Drone x3  
  30  3:01  Drone  
  30  3:02  Overlord  
  31  3:15  Drone  
  31  3:16  Hatchery  
  31  3:20  Drone x2  
  31  3:21  Drone  
  34  3:27  Queen  
  36  3:43  Queen  
  36  3:44  Drone x2  
  40  3:55  Overlord x2  
  40  4:10  Overlord x2  
  40  4:16  Drone  
  40  4:17  Drone x2  
  42  4:18  Drone  
  44  4:26  Drone x6  
  44  4:29  Extractor  
  49  4:32  Roach Warren  
  49  4:35  Queen  
  50  4:39  Lair  
  50  4:40  Drone x2  
  50  4:41  Drone  
  50  4:42  Drone  
  50  4:44  Spore Crawler  
  53  4:48  Drone  
  53  4:49  Drone x2  
  56  4:53  Overlord  
  56  4:54  Overlord  
  56  4:56  Spore Crawler  
  55  5:00  Spore Crawler  
  55  5:03  Zergling x10  
  59  5:17  Drone  
  59  5:18  Drone x2  
  59  5:19  Drone x2  
  64  5:22  Drone  
  64  5:23  Drone  
  64  5:24  Extractor  
  64  5:28  Extractor  
  64  5:37  Drone x2  
  64  5:38  Drone x3  
  64  5:39  Drone  
  64  5:40  Drone  
  71  5:45  Hydralisk Den, Zergling x10  
  71  5:49  Roach x2  
  79  5:55  Roach  
  81  5:57  Roach x2  
  81  6:04  Zergling x2  
  86  6:07  Zergling x4  
  88  6:13  Zergling x2  
  88  6:17  Zergling x6  
  92  6:19  Overlord  
  92  6:20  Overlord x4  
  92  6:31  Overlord x2  
  92  6:32  Overlord x3  
  92  6:36  Grooved Spines  
  92  6:37  Glial Reconstitution  
  92  6:39  Hydralisk x2  
  96  6:43  Hydralisk x3  
  96  6:44  Hydralisk  
  96  6:47  Hydralisk  
  104  6:51  Ravager x2  
  104  6:53  Zergling x2  
  104  6:54  Zergling x6  
  112  7:10  Hydralisk x4  
  112  7:12  Zergling x2  
  112  7:14  Hatchery  
  112  7:15  Hydralisk  
  122  7:16  Zergling x2  
  120  7:26  Muscular Augments  
  120  7:28  Hydralisk x3  
  116  7:30  Zergling x8  
  118  7:38  Hydralisk x2  
  118  7:40  Zergling x6  
  122  7:46  Overseer  
  117  7:53  Hydralisk x2  
  117  7:56  Hydralisk  
  117  7:57  Zergling x10  
  128  8:11  Hydralisk x3  
  134  8:13  Zergling x8  
  138  8:24  Infestation Pit  
  138  8:25  Drone x4  
  139  8:27  Extractor  
  139  8:28  Extractor  
  139  8:30  Drone x6  
  136  8:53  Zergling x10  
  136  8:54  Zergling x10  
  141  9:02  Hydralisk  
  141  9:03  Hydralisk x8  
  141  9:04  Zergling x4  
  141  9:09  Drone x4  
  160  9:28  Drone x6  
Show
View Real Time Build Order
Export as new Build Order

A.I. 1 (Medium) Protoss 

Build Orders:  

Get SALT Encoding   

  8  0:00  Probe  
  9  0:13  Probe  
  10  0:25  Probe  
  11  0:37  Probe  
  12  0:47  Pylon  
  12  0:49  Probe  
  13  1:01  Probe  
  13  1:09  Probe  
  13  1:10  Gateway  
  14  1:18  Probe  
  16  1:30  Probe  
  17  1:44  Nexus, Probe  
  18  1:52  Zealot  
  18  2:01  Pylon  
  20  2:04  Assimilator  
  20  2:15  Probe, Cybernetics Core  
  21  2:27  Probe  
  22  2:38  Gateway  
  22  2:39  Probe  
  23  2:45  Pylon  
  23  2:46  Stalker  
  23  2:53  Assimilator  
  25  3:05  Probe  
  25  3:11  Stalker  
  25  3:12  Probe  
  27  3:13  Probe  
  30  3:23  Warp Gate  
  30  3:31  Assimilator  
  30  3:33  Stalker  
  32  3:50  Stalker  
  32  3:51  Probe  
  32  3:52  Assimilator  
  35  4:00  Probe x2  
  37  4:11  Sentry  
  37  4:12  Probe  
  40  4:20  Pylon  
  40  4:22  Probe  
  41  4:25  Probe  
  41  4:26  Adept  
  44  4:34  Probe  
  45  4:38  Probe  
  46  4:46  Probe  
  46  4:48  Zealot  
  46  4:50  Probe  
  50  4:53  Pylon  
  50  4:58  Probe  
  50  4:59  Probe  
  52  5:07  Probe  
  52  5:10  Probe, Zealot  
  56  5:15  Probe  
  57  5:22  Pylon  
  57  5:23  Probe x2  
  59  5:29  Stalker  
  59  5:33  Probe  
  59  5:35  Probe  
  63  5:45  Pylon, Probe  
  63  5:47  Probe  
  63  5:48  Stalker  
  67  5:57  Probe  
  67  6:00  Probe  
  69  6:07  Stalker, Pylon  
  69  6:08  Probe  
  69  6:09  Probe  
  71  6:14  Robotics Facility  
  71  6:17  Probe  
  72  6:21  Probe  
  72  6:25  Stalker  
  76  6:29  Probe x2, Pylon  
  77  6:34  Forge  
  78  6:41  Probe  
  78  6:42  Probe  
  78  6:44  Stalker  
  82  6:49  Pylon  
  82  6:52  Pylon  
  82  6:57  Stargate  
  82  7:01  Observer  
  82  7:02  Sentry  
  82  7:03  Twilight Council  
  82  7:06  Gateway  
  85  7:08  Photon Cannon  
  85  7:12  Forge  
  85  7:14  Photon Cannon  
  85  7:19  Observer  
  85  7:21  Adept  
  88  7:28  Photon Cannon  
  72  7:30  Photon Cannon  
  72  7:31  Stalker  
  60  7:39  Stalker  
  55  7:46  Void Ray  
  45  7:54  Stalker  
  33  8:12  Stalker  
  35  8:31  Stalker  
  41  8:38  Stalker  
  26  8:57  Probe  
  14  9:10  Zealot  
  14  9:16  Pylon  
Tags
 
Add a new tag
Caveats
  • Supply blocks, unpowered buildings, or Contaminate may cause inaccurate times.
  • Supply counts are checked every 10 seconds.